 Dungeon Crawl Stone Soup version 0.21.1-1-g345015fe64 (webtiles) character file.

218 Naow the Shield-Bearer (level 6, -4/70 HPs)
             Began as a Formicid Fighter on June 10, 2018.
             Was a Follower of Okawaru.
             Slain by an iguana (6 damage)
             ... on level 5 of the Dungeon.
             The game lasted 00:04:15 (1905 turns).

Naow the Shield-Bearer (Formicid Fighter)           Turns: 1905, Time: 00:04:16

Health: -4/70      AC: 26    Str: 22    XL:     6   Next: 17%
Magic:  4/6        EV:  2    Int:  8    God:    Okawaru [*.....]
Gold:   116        SH: 12    Dex: 10    Spells: 5/5 levels left

rFire    + . .     SeeInvis .   a - +0 war axe
rCold    . . .     Gourm    .   c - +0 shield
rNeg     + + +     Faith    .   (armour currently unavailable)
rPois    +         Spirit   .   (helmet unavailable)
rElec    .         Reflect  .   (cloak currently unavailable)
rCorr    .         Harm     .   (gloves currently unavailable)
MR       .....                  (boots currently unavailable)
Stlth    +++.......             (no amulet)
HPRegen  0.21/turn              e - +3 ring of protection
MPRegen  0.10/turn              k - ring of protection from fire

@: tree-form, heroism
A: permanent stasis, dig shafts and tunnels, four strong arms
a: Heroism, Renounce Religion


You were on level 5 of the Dungeon.
You worshipped Okawaru.
Okawaru was aware of your devotion.
You were not hungry.
You were a tree.
You visited 1 branch of the dungeon, and saw 5 of its levels.

You collected 116 gold pieces.

Inventory:

Hand Weapons
 a - a +0 war axe (weapon)
Armour
 b - a +0 scale mail (melded)
 c - a +0 shield (worn)
 m - a +0 pair of boots (melded)
Jewellery
 e - a +3 ring of protection (left branch)
 k - a ring of protection from fire (right branch)
Scrolls
 g - a scroll of fear {unknown}
 h - 3 scrolls of identify {unknown}
 i - a scroll of enchant weapon {unknown}
 j - 5 scrolls of remove curse {unknown}
 n - a scroll of teleportation {unknown}
 q - a scroll of immolation {unknown}
Potions
 d - 4 potions of might
 o - a potion of mutation {unknown}
 p - a potion of berserk rage {unknown}
 r - a potion of cancellation
 t - a potion of curing {unknown}
Comestibles
 f - 4 rations
 s - a chunk of flesh


   Skills:
 - Level 3.2(8.2) Fighting
 * Level 5.0(10.0) Axes
 - Level 3.2(8.2) Armour
 + Level 5.3(10.3) Shields


You had 5 spell levels left.
You didn't know any spells.

Dungeon Overview and Level Annotations

Branches:
Dungeon (5/15)
 Temple: D:4-7

Altars:
Gozag
Kikubaaqudgha
Okawaru

Annotations:
D:3 Grinder


Innate Abilities, Weirdness & Mutations

You cannot be hasted, slowed, berserked, paralysed or teleported.
You can dig through walls and to a lower floor.
Your four strong arms can wield two-handed weapons with a shield.
((You have a pair of large antennae on your head. (SInv)))


Message History

The iguana bites you.
You gain the combat prowess of a mighty hero.
The iguana bites you!
* * * LOW HITPOINT WARNING * * *
You closely miss the iguana.
The iguana is moderately wounded.
You block the iguana's attack.
You completely miss the iguana.
The iguana is moderately wounded.
The iguana bites you.
* * * LOW HITPOINT WARNING * * *
You hit the iguana but do no damage.
The iguana is moderately wounded.
The iguana bites you.
* * * LOW HITPOINT WARNING * * *
It was a potion of lignification.
You turn into a tree.
Your +0 pair of boots melds into your body.
Your +0 scale mail melds into your body.
Your roots penetrate the ground.
The iguana bites you.
You die...

## .#
...#####.#
#...†♣#
##.#l.#
#.## .# ##


You could see an iguana.

Vanquished Creatures
  A howler monkey (D:5)
  Jessica (D:3)
  A worker ant (D:5)
  7 adders
  A dart slug (D:2)
  2 leopard geckos
  12 bats
  2 giant cockroaches
  4 goblins
  9 hobgoblins
  2 jackals (D:2)
  13 kobolds
  A quokka (D:2)
  8 frilled lizards
  9 rats
73 creatures vanquished.

Notes
Turn   | Place    | Note
-------+----------+-------------------------------------------
     0 | D:1      | Naow the Formicid Fighter began the quest for the Orb.
     0 | D:1      | Reached XP level 1. HP: 18/18 MP: 1/1
    50 | D:1      | Reached XP level 2. HP: 24/24 MP: 2/2
   284 | D:1      | Reached XP level 3. HP: 24/29 MP: 3/3
   607 | D:2      | Found an iron altar of Okawaru.
   636 | D:2      | Became a worshipper of Warmaster Okawaru
   711 | D:2      | Reached XP level 4. HP: 35/35 MP: 4/4
  1116 | D:2      | Reached XP level 5. HP: 41/41 MP: 5/5
  1375 | D:3      | Found an opulent altar of Gozag.
  1484 | D:3      | Found an ancient bone altar of Kikubaaqudgha.
  1825 | D:3      | Noticed Jessica
  1832 | D:3      | Killed Jessica
  1832 | D:3      | Reached skill level 5 in Shields
  1856 | D:3      | Noticed Grinder
  1895 | D:5      | Entered Level 5 of the Dungeon
  1896 | D:5      | Reached XP level 6. HP: 23/47 MP: 6/6
  1900 | D:5      | Reached * piety under Okawaru
  1900 | D:5      | Reached skill level 5 in Axes
  1904 | D:5      | HP: 1/47 [iguana (4)]
  1905 | D:5      | Slain by an iguana

Skill      XL: |  1  2  3  4  5  6 |
---------------+-------------------+-----
Shields        | 4 5 |  5.3
Axes           | 3 4 5 |  5.0
Fighting       | |  3.2
Armour         | |  3.2

Action                   |  1- 3 |  4- 6 || total
-------------------------+-------+-------++-------
Melee: War axe           |   108 |   154 ||   262
Invok: Heroism           |       |     1 ||     1
  Use: Potion            |     2 |     1 ||     3
  Eat: Chunk             |       |     4 ||     4
Armor: Scale mail        |    58 |    65 ||   123
Dodge: Dodged            |    39 |    64 ||   103
Block: Shield            |    76 |   100 ||   176
